 Dungeon Crawl Stone Soup version 0.27-a0-906-g0a00ce863d (webtiles) character file.

Game seed: 6925044471959194212

2809 mhtbhm the Basher (level 9, 0/55 HPs)
             Began as a Gargoyle Berserker on Apr 7, 2021.
             Was an Elder of Trog.
             Slain by Grum
             ... wielding a +0 glaive
              (22 damage)
             ... on level 8 of the Dungeon.
             The game lasted 00:06:22 (8007 turns).

mhtbhm the Basher (Gargoyle Berserker)              Turns: 8007, Time: 00:06:23

Health: 0/55       AC: 18    Str: 22    XL:     9   Next: 72%
Magic:  9/9        EV: 11    Int:  8    God:    Trog [****..]
Gold:   265        SH:  0    Dex:  9    Spells: 8/8 levels left

rFire    . . .     SeeInvis .   a - +1 flail (vorpal)
rCold    . . .     Faith    +   (no shield)
rNeg     + . .     Spirit   .   b - +1 scale mail {Will+}
rPois    ∞         Reflect  .   (helmet restricted)
rElec    +         Harm     .   (no cloak)
rCorr    .         Rampage  .   m - +2 pair of gloves
Will     +....                  (no boots)
Stlth    ..........             y - amulet of faith
HPRegen  0.18/turn              (no ring)
MPRegen  0.11/turn              (no ring)

@: no status effects
A: AC +6, negative energy resistance 1, electricity resistance, torment
resistance 1, unbreathing 1, petrification resistance, antennae 1, weak 1
a: Renounce Religion, Berserk, Trog's Hand, Brothers in Arms


You were on level 8 of the Dungeon.
You worshipped Trog.
Trog was greatly pleased with you.
You visited 1 branch of the dungeon, and saw 8 of its levels.

You collected 265 gold pieces.

Inventory:

Hand Weapons
 a - a +1 vorpal flail (weapon)
Missiles
 v - a curare-tipped dart
 x - 4 throwing nets
Armour
 b - a +1 scale mail of willpower (worn)
 m - a +2 pair of gloves (worn)
Jewellery
 l - a ring of fire
 y - an amulet of faith (around neck)
Wands
 n - a wand of acid (6)
 t - a wand of polymorph (8)
 B - a wand of iceblast (9)
Scrolls
 d - a scroll of magic mapping
 f - a scroll of brand weapon {unknown}
 g - 4 scrolls of teleportation
 i - a scroll of immolation {unknown}
 j - 2 scrolls of torment {unknown}
 p - a scroll of holy word {unknown}
 q - 2 scrolls of enchant armour {unknown}
 w - a scroll of fog {unknown}
Potions
 c - 4 potions of haste
 e - 2 potions of lignification
 h - 3 potions of heal wounds
 k - a potion of ambrosia
 r - a potion of resistance {unknown}
 s - a potion of flight {unknown}
 u - a potion of curing {unknown}
 z - 2 potions of might {unknown}


   Skills:
 + Level 6.2 Fighting
 + Level 9.7 Maces & Flails
 + Level 7.4 Armour
 + Level 3.4 Dodging
 + Level 2.1 Stealth


You had 8 spell levels left.
You didn't know any spells.
Your spell library was empty.

Dungeon Overview and Level Annotations

Branches:
Dungeon (8/15)             Temple (0/1) D:4
   Lair: D:8-11

Altars:
Makhleb
Trog
Uskayaw
Zin

Annotations:
D:8 Grum


Innate Abilities, Weirdness & Mutations

Your stone body is resilient. (AC +6)
You are immune to poison.
You resist negative energy. (rN+)
You are resistant to electric shocks. (rElec)
You are resistant to unholy torment.
You can survive without breathing.
You are immune to petrification.
You have a pair of small antennae on your head.
You are weak. (Str -2)


Message History

The wolf is moderately wounded.
The wolf bites you but does no damage.
You hit the wolf but do no damage.
The wolf is moderately wounded.
The wolf bites you but does no damage. x2
You miss the wolf.
The wolf is moderately wounded.
The wolf bites you but does no damage.
You hit the wolf.
The wolf is moderately wounded.
The wolf misses you. The wolf bites you.
You sock the wolf!
The wolf is severely wounded.
The wolf barely misses you. The wolf bites you but does no damage.
Grum hits you from afar with a +0 glaive!
The wolf bites you but does no damage. The wolf closely misses you.
You hit the wolf.
You kill the wolf!
Trog accepts your kill. The wolf bites you but does no damage.
Grum barely misses you.
You closely miss the wolf. The wolf bites you. The wolf closely misses you.
Grum hits you from afar with a +0 glaive.
You miss the wolf. The wolf misses you.
Grum hits you from afar with a +0 glaive.
The wolf bites you.
You closely miss the wolf. The wolf barely misses you.
Grum completely misses you.
You closely miss the wolf.
The wolf bites you but does no damage. x2
Grum closely misses you.
You bludgeon the wolf!!
The wolf is almost dead.
The wolf barely misses you.
You completely miss the wolf.
The wolf is almost dead.
The wolf bites you but does no damage. Grum misses you. The wolf bites you.
You barely miss the wolf.
The wolf is almost dead.
The wolf bites you.
Grum hits you from afar with a +0 glaive!!
You die...

#.............#.#####.#
#......<....###.....#.#
####..#####'#######.#.#
###.# #......# #.#.#
..... #......# #.#.#
.....###......# #...#
..........##### #####
..........# .......@..#
......h†..# .....?.g.>#
##....?.....
#..........#
............#
...........##
............


You could see Grum and a wolf.

Vanquished Creatures
  Harold (D:7)
  Edmund (D:5)
  2 orc warriors
  2 sky beasts
  A black bear (D:5)
  2 necrophages (D:5)
  A wolf (D:8)
  An ogre (D:4)
  A kobold brigand (D:7)
  Blork the orc (D:5)
  2 scorpions (D:5)
  A wyvern skeleton (D:6)
  A water moccasin skeleton (D:5)
  4 wights (D:6)
  2 jellies
  2 hounds (D:5)
  An orc priest (D:3)
  3 centaur skeletons
  2 bullfrog skeletons
  2 iguanas
  4 orc wizards
  A hound skeleton (D:4)
  A howler monkey zombie (D:7)
  6 adders
  A shadow imp (D:5)
  2 white imps (D:6)
  An adder skeleton (D:4)
  A worm (D:3)
  2 dart slugs
  18 orcs
  6 ball pythons
  6 endoplasms
  5 giant cockroaches
  8 goblins
  7 hobgoblins
  10 jackals
  2 quokkas (D:1)
  3 bats (D:1)
  A frilled lizard (D:3)
  12 kobolds
  5 rats
135 creatures vanquished.

Notes
Turn   | Place    | Note
-------+----------+-------------------------------------------
     0 | D:1      | mhtbhm the Gargoyle Berserker began the quest for the Orb.
     0 | D:1      | Reached XP level 1. HP: 14/14 MP: 1/1
   369 | D:1      | Reached XP level 2. HP: 13/19 MP: 2/2
   783 | D:1      | Reached XP level 3. HP: 6/24 MP: 3/3
  1205 | D:1      | Found a faded altar of an unknown god.
  1575 | D:2      | Reached ** piety under Trog
  2485 | D:3      | Reached skill level 4 in Maces & Flails
  2485 | D:3      | Reached XP level 4. HP: 29/29 MP: 4/4
  2539 | D:3      | Gained mutation: You are weak. (Str -2) [potion of
                  | mutation]
  2539 | D:3      | Gained mutation: You have a pair of small antennae on your
                  | head. [potion of mutation]
  2670 | D:3      | Reached XP level 5. HP: 33/33 MP: 5/5
  3018 | D:3      | Found a burning altar of Makhleb.
  3456 | D:4      | Reached skill level 5 in Maces & Flails
  3564 | D:4      | Reached XP level 6. HP: 21/38 MP: 6/6
  3669 | D:4      | Reached *** piety under Trog
  4523 | D:4      | Found a staircase to the Ecumenical Temple.
  4729 | D:5      | Entered Level 5 of the Dungeon
  4735 | D:5      | Noticed a sky beast
  4750 | D:5      | Killed a sky beast
  4751 | D:5      | Reached XP level 7. HP: 29/44 MP: 7/7
  4775 | D:5      | Reached skill level 6 in Maces & Flails
  4973 | D:5      | Noticed Edmund
  4974 | D:5      | Noticed Blork the orc
  4987 | D:5      | Killed Edmund
  4994 | D:5      | Killed Blork the orc
  5022 | D:5      | Reached skill level 1 in Stealth
  5060 | D:5      | Reached skill level 7 in Maces & Flails
  5060 | D:5      | Reached skill level 5 in Armour
  5060 | D:5      | Reached XP level 8. HP: 44/48 MP: 8/8
  5261 | D:5      | Reached skill level 5 in Fighting
  5858 | D:5      | You fall into a shaft and drop 2 floors!
  6347 | D:7      | Found a hide-covered altar of Uskayaw.
  6348 | D:7      | Noticed Harold
  6361 | D:7      | Killed Harold
  6362 | D:7      | Reached skill level 9 in Maces & Flails
  6362 | D:7      | Reached XP level 9. HP: 51/55 MP: 9/9
  6845 | D:6      | Reached **** piety under Trog
  6849 | D:6      | Found a bloodstained altar of Trog.
  7092 | D:6      | Found a glowing silver altar of Zin.
  7409 | D:6      | HP: 4/82 [orc warrior/+0 glaive (1)]
  7993 | D:8      | Noticed Grum
  8007 | D:8      | Slain by Grum

Illustrated notes

Levels and vault maps discovered:
D:1:      nagdon_arrival_zigzag_paths, layout_rooms, basic_ecumenical_altar
D:2:      layout_loops_cross, minivault_5
D:3:      layout_rooms, lemuel_doored_altar
D:4:      layout_gridville, temple_doors_cd
D:5:      layout_loops_ring, minmay_holes, uniq_edmund, uniq_blork_the_orc
D:6:      layout_loops_cross, trog_hazing_becter, amcnicky_altar_gilded,
          chequers_mini_garden
D:7:      layout_loops_corners, nicolae_uskayaw_dance_hall, uniq_harold
D:8:      layout_basic, nicolae_dithmenos_shadow_blocks, grunt_decor_junction,
          uniq_grum

Skill      XL: |  1  2  3  4  5  6  7  8  9 |
---------------+----------------------------+-----
Maces & Flails | 4 5 7 9 |  9.7
Dodging        | 2 3 |  3.4
Fighting       | 4 5 6 |  6.2
Armour         | 3 4 5 6 7 |  7.4
Stealth        | 1 2 |  2.1

Action                   |  1- 3 |  4- 6 |  7- 9 || total
-------------------------+-------+-------+-------++-------
Melee: Mace              |   114 |   184 |    42 ||   340
       Flail             |       |       |   202 ||   202
Invok: Berserk           |     2 |     2 |     4 ||     8
  Use: Scroll            |       |     6 |     4 ||    10
       Potion            |       |     1 |     1 ||     2
Armor: Animal skin       |    38 |       |       ||    38
       Chain mail        |    28 |   149 |    84 ||   261
       Scale mail        |       |       |    57 ||    57
       Skin              |       |       |     2 ||     2
Dodge: Dodged            |    74 |    99 |   116 ||   289

Table legend: (Time is in decaauts)
 A = Elapsed time spent in this place.
 B = Non-inter-level travel time spent in this place.
 C = Inter-level travel time spent in this place.
 D = Time resting spent in this place.
 E = Time spent auto-exploring this place.
 F = Levels seen in this place.
 G = Mean time per level.
                   A        B        C        D        E       F      G
               +--------+--------+--------+--------+--------+-----+--------+
         Total |   8112 |   8001 |    111 |   1279 |   5454 |   8 | 1014.0 |
       Dungeon |   8112 |   8001 |    111 |   1279 |   5454 |   8 | 1014.0 |
               +--------+--------+--------+--------+--------+-----+--------+

Top non-repeatable levels by time:
     D:1: 1539 daAuts
     D:4: 1515 daAuts
     D:5: 1152 daAuts
     D:6: 1101 daAuts
     D:7: 986 daAuts
     D:2: 959 daAuts
     D:3: 790 daAuts
     D:8: 66 daAuts
